 Seeded DCSS version 0.28.0-47-ge53b351184 (webtiles) character file.

Game seed: 12438630275245706108 (custom seed)

162 Psyclone the Sneak (level 5, 31/31 HPs)
             Began as an Octopode Ice Elementalist on May 8, 2022.
             Was an Initiate of Gozag.
             Quit the game in the Ecumenical Temple.
             The game lasted 00:05:01 (2258 turns).

Psyclone the Sneak (Octopode Ice Elementalist)      Turns: 2258, Time: 00:05:01

Health: 31/31      AC:  1    Str:  7    XL:     5   Next: 43%
Magic:  17/17      EV: 13    Int: 19    God:    Gozag
Gold:   4          SH:  0    Dex: 13    Spells: 4/8 levels left

rFire   . . .      SeeInvis .   h - +0 dagger
rCold   . . .      Faith    .   (no shield)
rNeg    . . .      Spirit   .   (helmet restricted)
rPois   .          Reflect  .   (no amulet)
rElec   .          Harm     .   a - ring of magical power
rCorr   .          Rampage  .   f - +4 ring of slaying
Will    .....                   (no ring)
Stlth   ++++......              (no ring)
HPRegen 0.10/turn               (no ring)
MPRegen 0.15/turn               (no ring)
                                (no ring)
                                (no ring)

@: no status effects
A: almost no armour, amphibious, 8 rings, camouflage 1, gelatinous body 1,
(nimble swimmer 1), tentacles
a: Renounce Religion, Potion Petition, Call Merchant, Bribe Branch


You were in the Ecumenical Temple.
You worshipped Gozag.
Gozag was noncommittal.
You visited 2 branches of the dungeon, and saw 8 of its levels.

You collected 128 gold pieces.
You paid 124 gold pieces to Gozag.

Inventory:

Hand Weapons
 h - a +0 dagger (weapon)
Jewellery
 a - a ring of magical power (left tentacle)
 f - a +4 ring of slaying (right tentacle)
Scrolls
 b - 4 scrolls of identify {unknown}
 c - a scroll of vulnerability {unknown}
 d - a scroll of blinking {unknown}
 g - a scroll of enchant armour {unknown}


   Skills:
 - Level 2.0 Dodging
 + Level 6.8 Stealth
 - Level 2.0 Spellcasting
 - Level 4.7 Ice Magic


You had 4 spell levels left.
You knew the following spells:

 Your Spells              Type           Power      Damage    Failure   Level
a - Freeze                Ice            80%        1d9       2%          1
b - Frozen Ramparts       Ice            40%        1d6       7%          3

Your spell library contained the following spells:

 Spells                   Type           Power      Damage    Failure   Level
 Ozocubu's Armour         Ice            20%        N/A       7%          3
 Hailstorm                Conj/Ice       11%        3d5       54%         4
 Ice Form                 Ice/Tmut       11%        N/A       54%         4
 Simulacrum               Ice/Necr       5%         N/A       100%        6


Dungeon Overview and Level Annotations

Branches:
Dungeon (7/15)             Temple (1/1) D:7

Altars:
Ashenzari
Elyvilon
Fedhas
Gozag
Hepliaklqana
Nemelex Xobeh
Okawaru
Qazlal
Ru
Sif Muna
Uskayaw
Vehumet
Wu Jian
Zin
The Shining One

Shops:
D:1 =   D:2 :


Innate Abilities, Weirdness & Mutations

You cannot wear most types of armour.
You are amphibious.
You can wear up to eight rings at the same time.
Your skin changes colour to match your surroundings (Stealth+).
Your rubbery body absorbs attacks. (AC +1, EV +1)
((You are camouflaged when in or above water. (Stealth+)))
You have tentacles for arms and can constrict up to eight enemies at once.


Message History

Casting: Frozen Ramparts (quite dangerous; 7% risk of failure)
Press: ? - help, Dir - look around, f - activate The walls around you are covered in ice.
The wall freezes the dart slug.
The dart slug launches a dart at you. The slug dart misses you.
You now have 10/17 mp.
The wall freezes the dart slug.
You kill the dart slug!
The frozen ramparts melt away as you move.
You see here a dart slug corpse.
There is an open door here.
You start resting.
Magic restored.
You regained 3 hp, and now have 30/31 hp.
MP restored: 17
There is a stone staircase leading down here.
You start resting.
HP restored.
Health restored: 31 You climb downwards.
There is a stone staircase leading up here.
Found a robe.
A bullfrog skeleton comes into view.
An ufetubus comes into view.
A wyvern skeleton comes into view.
The wyvern skeleton closely misses you.
There is a stone staircase leading down here.
The wyvern skeleton closely misses you. x2
You climb downwards.
There is a stone staircase leading up here.
Found a staircase to the Ecumenical Temple.
There is a staircase to the Ecumenical Temple here.
You climb downwards.
Welcome to the Ecumenical Temple!
Found fifteen altars.
There is a staircase back to the Dungeon here.
There is an opulent altar of Gozag here.
You curl up in front of the altar of Gozag.
Gozag welcomes you!
You pay a service fee of 124 gold.
Are you sure you want to abandon this character and quit the game? (Confirm with "yes".)

#_.≈≈≈≈.≈≈≈≈._#
#..≈≈≈...≈≈≈..#
#_.....<.....8#
#..≈≈≈...≈≈≈..#
#_.≈≈≈≈.≈≈≈≈._#
#...≈≈≈.≈≈≈...#
##_..≈≈.≈≈.._##
##.........##
##8._.@._##
#########


There were no monsters in sight!

Vanquished Creatures
  A hound (D:5)
  Natasha (D:2)
  Terence (D:2)
  4 adders (D:2)
  A dart slug (D:5)
  4 bats
  6 endoplasms
  A giant cockroach (D:2)
  3 goblins
  A hobgoblin (D:1)
  3 jackals (D:5)
  3 quokkas
  4 ball pythons
  2 frilled lizards (D:2)
  4 kobolds
  4 rats
43 creatures vanquished.

Notes
Turn   | Place    | Note
-------+----------+-------------------------------------------
     0 | D:1      | Psyclone the Octopode Ice Elementalist began the quest for
                  | the Orb.
     0 | D:1      | Reached XP level 1. HP: 11/11 MP: 3/3
   367 | D:1      | Found Fetet's One-of-a-Kind Rings.
   373 | D:1      | Reached XP level 2. HP: 17/17 MP: 5/5
   634 | D:1      | Found a faded altar of an unknown god.
   751 | D:2      | Reached skill level 3 in Stealth
   751 | D:2      | Reached XP level 3. HP: 17/21 MP: 6/6
   755 | D:2      | Learned a level 3 spell: Frozen Ramparts
   835 | D:2      | Noticed Terence
   852 | D:2      | Killed Terence
   853 | D:2      | Reached skill level 4 in Stealth
  1119 | D:2      | Reached XP level 4. HP: 22/27 MP: 7/7
  1214 | D:2      | Reached skill level 5 in Stealth
  1816 | D:2      | Noticed Natasha
  1817 | D:2      | Found Mofoxyne's Book Boutique.
  1829 | D:2      | Killed Natasha
  1830 | D:2      | Reached skill level 6 in Stealth
  1830 | D:2      | Reached XP level 5. HP: 17/31 MP: 8/8
  2098 | D:5      | Entered Level 5 of the Dungeon
  2208 | D:6      | Noticed an ice beast
  2244 | D:7      | Found a staircase to the Ecumenical Temple.
  2249 | Temple   | Entered the Ecumenical Temple
  2257 | Temple   | Became a worshipper of Gozag Ym Sagoz the Greedy
  2258 | Temple   | Quit the game

Illustrated notes

Levels and vault maps discovered:
D:1:      minmay_arrival_split_and_join, layout_basic,
          hellmonk_ecumenical_altar_arch_garden, nicolae_shop_unique_rings
D:2:      layout_basic, serial_glass, glass_columns_b, glass_columns_c,
          serial_shops, nicolae_diamond_shop, patterned_corridor, uniq_terence,
          uniq_natasha
D:3:      layout_loops_cross, minmay_pentangle
D:4:      layout_cave_pools, lemuel_mausoleum_altar_yredelemnul,
          gammafunk_ghost_stat_death
D:5:      layout_loops_ring, minmay_splitting_lines, serial_bayou_pond_e,
          grunt_ministairs_6
D:6:      layout_loops_ring, minmay_overflow_temple_star_quad, serial_shops,
          shop, uniq_crazy_yiuf_cottage
D:7:      layout_basic, temple_statues
Temple:   nicolae_temple_no_exploring_needed

Skill      XL: |  1  2  3  4 |
---------------+-------------+-----
Stealth        | 3 4 6 |  6.8
Dodging        | |  2.0
Spellcasting   | |  2.0
Ice Magic      | |  4.7

Action                   |  1- 3 |  4- 6 || total
-------------------------+-------+-------++-------
Melee: Unarmed           |     2 |       ||     2
       Tentacles         |     6 |     3 ||     9
       Constrict         |     5 |     4 ||     9
       Short sword       |    15 |     6 ||    21
       Dagger            |       |    14 ||    14
 Cast: Freeze            |    19 |     9 ||    28
       Frozen Ramparts   |     2 |     6 ||     8
 Stab: Sleeping          |     3 |     4 ||     7
Armor: Skin              |     3 |     4 ||     7
Dodge: Dodged            |    16 |    25 ||    41
